 Dungeon Crawl Stone Soup version 0.27-a0-417-g317cea8a3c (webtiles) character file.

Game seed: 8721771780930738372

956 HoaS the Martial Artist (level 7, 0/53 HPs)
             Began as a Demigod Gladiator on Feb 25, 2021.
             Slain by Prince Ribbit (10 damage)
             ... on level 5 of the Dungeon.
             The game lasted 00:09:02 (4913 turns).

HoaS the Martial Artist (Demigod Gladiator)         Turns: 4913, Time: 00:09:02

Health: 0/53       AC: 11    Str: 19    XL:     7   Next: 60%
Magic:  9/9        EV: 11    Int: 10    God:
Gold:   505        SH:  5    Dex: 19    Spells: 6/6 levels left

rFire    . . .     SeeInvis .     - Unarmed
rCold    . . .     Faith    .   (no shield)
rNeg     . . .     Spirit   .   n - +0 scale mail
rPois    .         Reflect  +   b - +0 helmet
rElec    .         Harm     .   j - +0 cloak
rCorr    .         Rampage  .   h - +1 pair of gloves
Will     .....                  t - +0 pair of boots
Stlth    ..........             o - amulet of reflection
HPRegen  0.17/turn              (no ring)
MPRegen  0.11/turn              (no ring)

@: no status effects
A: high mp 1
a: no special abilities


You were on level 5 of the Dungeon.
You visited 1 branch of the dungeon, and saw 5 of its levels.

You collected 505 gold pieces.

Inventory:

Missiles
 c - 2 throwing nets (quivered)
 f - 3 boomerangs
 i - 73 poisoned darts
Armour
 b - a +0 helmet (worn)
 g - a +0 plate armour
 h - a +1 pair of gloves (worn)
 j - a +0 cloak (worn)
 n - a +0 scale mail (worn)
 t - a +0 pair of boots (worn)
Jewellery
 o - an amulet of reflection (around neck)
Scrolls
 a - a scroll of teleportation
 q - a scroll of magic mapping
 s - a scroll of blinking
Potions
 d - 2 potions of ambrosia {unknown}
 e - 2 potions of attraction {unknown}
 k - 2 potions of might {unknown}
 l - 2 potions of lignification {unknown}
 m - 3 potions of degeneration {unknown}
 p - a potion of curing {unknown}
 r - a potion of brilliance {unknown}


   Skills:
 - Level 1.7 Fighting
 - Level 1.7 Throwing
 - Level 2.6 Dodging
 + Level 8.8 Unarmed Combat


You had 6 spell levels left.
You didn't know any spells.
Your spell library was empty.

Dungeon Overview and Level Annotations

Branches:
Dungeon (5/15)             Temple (0/1) D:5

Annotations:
D:5 Prince Ribbit


Innate Abilities, Weirdness & Mutations

You have an increased reservoir of magic. (+10% MP)


Message History

Prince Ribbit is nearby!
Prince Ribbit is nearby!
Prince Ribbit is nearby!
Prince Ribbit is nearby!
You hit Prince Ribbit.
Prince Ribbit is lightly wounded.
Prince Ribbit hits you!
You hit Prince Ribbit.
Prince Ribbit is lightly wounded.
Prince Ribbit hits you. Prince Ribbit hits you!
You barely miss Prince Ribbit.
Prince Ribbit is lightly wounded.
Prince Ribbit misses you.
You barely miss Prince Ribbit.
Prince Ribbit is lightly wounded.
Prince Ribbit barely misses you.
You barely miss Prince Ribbit.
Prince Ribbit is lightly wounded.
You block Prince Ribbit's attack.
You barely miss Prince Ribbit.
Prince Ribbit is lightly wounded.
Prince Ribbit says, "You're just another fly to me."
Prince Ribbit hits you but does no damage.
You hit Prince Ribbit.
Prince Ribbit is moderately wounded.
Prince Ribbit hits you! Prince Ribbit hits you.
You are too injured to fight recklessly!
You are too injured to fight recklessly!
You are too injured to fight recklessly!
You are too injured to fight recklessly!
You are too injured to fight recklessly!
You are too injured to fight recklessly!
You closely miss Prince Ribbit.
Prince Ribbit is moderately wounded.
Prince Ribbit hits you!
* * * LOW HITPOINT WARNING * * *
You punch Prince Ribbit!
Prince Ribbit is heavily wounded.
Prince Ribbit hits you!
You die...

##.....#. #####.## #
#.....## .## #.......
#######..# #.......
#........# #.......
#........### #...##..
#....F.....###..###.#
#...@....#.##...###.#
#..............#....#
#........##..##..####
#....................
#...............#####
#.............###
#........#......#####
#####.######.##.#....
#.## #..#.#....


You could see Prince Ribbit.

Vanquished Creatures
  Sigmund (D:2)
  Menkaure (D:4)
  2 ogres (D:4)
  A centaur (D:5)
  A phantom (D:5)
  A centaur zombie (D:5)
  A hound (D:5)
  A centaur skeleton (D:5)
  Terence (D:2)
  Natasha (D:2)
  A worker ant (D:5)
  A hound skeleton (D:4)
  Robin (D:2)
  4 gnolls
  5 adders
  A shadow imp (D:3)
  An ooze (D:3)
  2 adder skeletons (D:5)
  2 worms
  3 dart slugs (D:1)
  A leopard gecko (D:1)
  An orc (D:3)
  A giant cockroach (D:1)
  12 goblins
  8 hobgoblins
  2 jackals (D:1)
  A quokka (D:4)
  A ball python (D:3)
  7 bats
  A frilled lizard (D:3)
  A jackal skeleton (D:4)
  5 kobolds
  9 rats
82 creatures vanquished.

Vanquished Creatures (others)
  5 toadstools (D:4)
5 creatures vanquished.

Grand Total: 87 creatures vanquished

Notes
Turn   | Place    | Note
-------+----------+-------------------------------------------
     0 | D:1      | HoaS the Demigod Gladiator began the quest for the Orb.
     0 | D:1      | Reached XP level 1. HP: 17/17 MP: 3/3
   441 | D:1      | Reached skill level 3 in Unarmed Combat
   505 | D:1      | Reached XP level 2. HP: 19/24 MP: 4/4
  1166 | D:2      | Noticed Robin
  1197 | D:2      | Reached XP level 3. HP: 24/29 MP: 5/5
  1209 | D:2      | Reached skill level 4 in Unarmed Combat
  1222 | D:2      | Killed Robin
  1592 | D:2      | Noticed Sigmund
  1612 | D:2      | Killed Sigmund
  1613 | D:2      | Reached skill level 5 in Unarmed Combat
  1613 | D:2      | Reached XP level 4. HP: 15/36 MP: 6/6
  1613 | D:2      | Reached XP level 5. HP: 17/41 MP: 7/7
  1815 | D:2      | Noticed Terence
  1837 | D:2      | Killed Terence
  1838 | D:2      | Reached skill level 6 in Unarmed Combat
  2297 | D:2      | Noticed Natasha
  2315 | D:2      | Killed Natasha
  2508 | D:2      | Found a basalt altar of Yredelemnul.
  2518 | D:2      | Found a shimmering altar of Xom.
  2524 | D:2      | Found a shadowy altar of Dithmenos.
  2527 | D:2      | Found a shimmering blue altar of Sif Muna.
  3209 | D:3      | Reached XP level 6. HP: 48/48 MP: 8/8
  3403 | D:3      | Found a snail-covered altar of Cheibriados.
  3616 | D:4      | Reached skill level 7 in Unarmed Combat
  3642 | D:4      | Noticed Menkaure
  3652 | D:4      | Killed Menkaure
  3653 | D:4      | Reached XP level 7. HP: 28/53 MP: 9/9
  4040 | D:4      | Found a shadowy altar of Dithmenos.
  4274 | D:5      | Entered Level 5 of the Dungeon
  4302 | D:5      | Found a sacrificial altar of Ru.
  4305 | D:5      | Found a blossoming altar of Fedhas.
  4309 | D:5      | Found a sparkling altar of Nemelex Xobeh.
  4359 | D:5      | Reached skill level 8 in Unarmed Combat
  4569 | D:5      | Identified a bloodstained helmet
  4638 | D:5      | Found a staircase to the Ecumenical Temple.
  4902 | D:5      | Noticed Prince Ribbit
  4913 | D:5      | Slain by Prince Ribbit

Illustrated notes

Levels and vault maps discovered:
D:1:      lightli_arrival_statue_moat, layout_loops_ring, minmay_misc_feat_room
D:2:      layout_basic, grunt_temple_overflow_cloverleaf, uniq_sigmund,
          uniq_natasha, uniq_robin, uniq_terence
D:3:      layout_loops_ring, lemuel_coloured_pillars_altar, kennysheep_path_1,
          minivault_19
D:4:      layout_basic, minmay_gold_behind_fungi,
          nicolae_dithmenos_shadow_blocks, uniq_menkaure
D:5:      layout_rooms, grunt_temple_overflow_diamond,
          minmay_temple_entry_stoned_glass, uniq_eustachio, uniq_prince_ribbit1,
          uniq_crazy_yiuf_cottage

Skill      XL: |  1  2  3  4  5  6  7 |
---------------+----------------------+-----
Unarmed Combat | 3 5 6 7 8 |  8.8
Fighting       | |  1.7
Throwing       | |  1.7
Dodging        | |  2.6

Action                   |  1- 3 |  4- 6 |  7- 9 || total
-------------------------+-------+-------+-------++-------
Melee: Unarmed           |   133 |   131 |    88 ||   352
       Punch             |     8 |     8 |     3 ||    19
Throw: Throwing net      |     1 |     5 |       ||     6
  Use: Scroll            |       |     7 |     1 ||     8
 Stab: Sleeping          |     1 |     1 |       ||     2
       Held in net/web   |       |     2 |       ||     2
Armor: Leather armour    |    18 |       |       ||    18
       Ring mail         |    33 |    36 |       ||    69
       Scale mail        |       |     1 |    31 ||    32
Dodge: Dodged            |    83 |    69 |    38 ||   190
Block: Other             |       |     1 |    30 ||    31

Table legend: (Time is in decaauts)
 A = Elapsed time spent in this place.
 B = Non-inter-level travel time spent in this place.
 C = Inter-level travel time spent in this place.
 D = Time resting spent in this place.
 E = Time spent auto-exploring this place.
 F = Levels seen in this place.
 G = Mean time per level.
                   A        B        C        D        E       F      G
               +--------+--------+--------+--------+--------+-----+--------+
         Total |   4874 |   4725 |    149 |   1273 |   2687 |   5 |  974.8 |
       Dungeon |   4874 |   4725 |    149 |   1273 |   2687 |   5 |  974.8 |
               +--------+--------+--------+--------+--------+-----+--------+

Top non-repeatable levels by time:
     D:2: 1623 daAuts
     D:1: 1082 daAuts
     D:4: 896 daAuts
     D:3: 793 daAuts
     D:5: 478 daAuts
